 Dungeon Crawl Stone Soup version 0.22.1-1-ga44c0e5 (webtiles) character file.

33 yevrey the Ruffian (level 3, -3/29 HPs)
             Began as a Draconian Transmuter on Sept 28, 2018.
             Slain by a gnoll
             ... wielding a +0 halberd
              (8 damage)
             ... on level 2 of the Dungeon.
             The game lasted 00:02:02 (903 turns).

yevrey the Ruffian (Draconian Transmuter)            Turns: 903, Time: 00:02:02

Health: -3/29      AC:  2    Str: 12    XL:     3   Next: 12%
Magic:  0/6        EV: 19    Int: 14    God:
Gold:   25         SH:  0    Dex: 16    Spells: 0/6 levels left

rFire    . . .     SeeInvis .     - Unarmed
rCold    . . .     Gourm    .   (shield currently unavailable)
rNeg     . . .     Faith    .   (armour unavailable)
rPois    x         Spirit   .   (helmet currently unavailable)
rElec    .         Reflect  .   (cloak currently unavailable)
rCorr    .         Harm     .   (gloves currently unavailable)
MR       .....                  (boots currently unavailable)
Stlth    +.........             (no amulet)
HPRegen  0.09/turn              (no ring)
MPRegen  0.10/turn              (no ring)

@: spider-form (expiring), very slightly contaminated
A: tiny, unfitting armour, AC +5
a: End Transformation


You were on level 2 of the Dungeon.
You were not hungry.
You were a venomous arachnid creature.
You visited 1 branch of the dungeon, and saw 2 of its levels.

You collected 25 gold pieces.

Inventory:

Missiles
 a - 12 arrows
Scrolls
 d - a scroll of amnesia {unknown}
 e - 2 scrolls of remove curse {unknown}
 i - a scroll of identify {unknown}
Potions
 f - 2 potions of curing {unknown}
 g - a potion of haste {unknown}
 h - a potion of lignification {unknown}
Comestibles
 b - 2 chunks of flesh
 c - 3 rations


   Skills:
 * Level 1.8 Fighting
 - Level 1.7 Dodging
 + Level 3.6 Unarmed Combat
 + Level 2.2 Spellcasting
 + Level 2.2 Transmutations


You couldn't memorise any spells.
You knew the following spells:

 Your Spells              Type           Power        Failure   Level  Hunger
a - Beastly Appendage     Tmut           #.....       22%         1    #......
b - Sticks to Snakes      Tmut           #.......     32%         2    ###....
c - Spider Form           Tmut/Pois      #.........   63%         3    ###....

Your spell library contained the following spells:

 Spells                   Type           Power        Failure   Level  Hunger
 Ice Form                 Ice/Tmut       #.......     93%         4    #####..
 Blade Hands              Tmut           #.........   98%         5    ######.


Dungeon Overview and Level Annotations

Branches:
Dungeon (2/15)

Altars:


Innate Abilities, Weirdness & Mutations

((Your plain brown scales are hard. (AC +5)))
You cannot fit into any form of body armour.
((You are cold-blooded and may be slowed by cold attacks.))


Message History

Casting: Beastly Appendage (safe; 9% risk of failure)
Confirm with . or Enter, or press ? or * to list all spells.
You miscast Spider Form.
You are very lightly contaminated with residual magic.
Multicoloured lights dance before your eyes!
Casting: Spider Form (slightly dangerous; 41% risk of failure)
Confirm with . or Enter, or press ? or * to list all spells.
You turn into a venomous arachnid creature.
The quokka barely misses you. The gnoll misses you.
The quokka closely misses you.
You hit the quokka.
The quokka is poisoned.
The quokka is heavily wounded.
The quokka barely misses you.
The gnoll hits you from afar with a halberd.
* * * LOW HITPOINT WARNING * * *
You hit the quokka.
You kill the quokka!
Your transformation is almost over.
The gnoll hits you with a halberd!
You die...

### ... #.#
#
#...#....#
#.# ...#.
#.# ....
#.# ... #.#
#.# #
#.###.##.#
#.sg.....#
#####'####
##.$.##
##..g..##
##.......##
#.........#
+.........+
#.........#
##.......##


You could see a gnoll.

Vanquished Creatures
  An adder (D:2)
  An ooze (D:1)
  A leopard gecko (D:1)
  2 giant cockroaches
  3 goblins (D:1)
  3 hobgoblins
  A kobold (D:1)
  A quokka (D:2)
  4 rats (D:1)
17 creatures vanquished.

Notes
Turn   | Place    | Note
-------+----------+-------------------------------------------
     0 | D:1      | yevrey the Draconian Transmuter began the quest for the
                  | Orb.
     0 | D:1      | Reached XP level 1. HP: 16/16 MP: 3/3
   246 | D:1      | Reached XP level 2. HP: 19/23 MP: 3/5
   253 | D:1      | Learned a level 2 spell: Sticks to Snakes
   870 | D:2      | Reached XP level 3. HP: 12/29 MP: 4/6
   880 | D:2      | Learned a level 3 spell: Spider Form
   903 | D:2      | Slain by a gnoll

Action                   || total
-------------------------++-------
Melee: Unarmed           ||    45
       Kick              ||     3
       Headbutt          ||     2
       Tailslap          ||     2
       Punch             ||     1
 Cast: Beastly Appendage ||     9
       Spider Form       ||     1
 Stab: Sleeping          ||     1
Armor: Skin              ||     9
Dodge: Dodged            ||    29
